 Dungeon Crawl Stone Soup version 0.28-a0-661-g144af121cd (webtiles) character file.

Game seed: 12177488449622534404

609 Lekart the Slasher (level 7, -1/61 HPs)
             Began as a Yellow Draconian Abyssal Knight on Oct 14, 2021.
             Was a Priest of Lugonu.
             Slain by a gnoll (5 damage)
             ... on level 5 of the Dungeon.
             The game lasted 00:07:53 (5600 turns).

Lekart the Slasher (DrAK)                           Turns: 5600, Time: 00:07:54

Health: -1/61      AC:  6    Str: 15    XL:     7   Next: 19%
Magic:  6/10       EV: 13    Int: 11    God:    Lugonu [***...]
Gold:   85         SH:  0    Dex: 13    Spells: 6/6 levels left

rFire   . . .      SeeInvis .   a - +1 falchion
rCold   . . .      Faith    .   (no shield)
rNeg    . . .      Spirit   .   (armour unavailable)
rPois   .          Reflect  .   (helmet restricted)
rElec   .          Harm     .   (no cloak)
rCorr   +          Rampage  .   (no gloves)
Will    .....                   (no boots)
Stlth   +.........              (no amulet)
HPRegen 0.20/turn               (no ring)
MPRegen 0.12/turn               (no ring)

@: no status effects
A: spit acid, AC +6, unfitting armour, cold-blooded, acid resistance
a: Breathe Acid, Renounce Religion, Depart the Abyss, Bend Space, Banish


You were on level 5 of the Dungeon.
You worshipped Lugonu.
Lugonu was most pleased with you.
You visited 1 branch of the dungeon, and saw 5 of its levels.
You visited the Abyss 1 time.

You collected 85 gold pieces.

Inventory:

Hand Weapons
 a - a +1 falchion (weapon)
Wands
 f - a wand of mindburst (8)
Scrolls
 b - a scroll of fear {unknown}
 e - 2 scrolls of identify
 h - a scroll of silence {unknown}
 i - a scroll of noise {unknown}
Potions
 c - 2 potions of magic
 d - a potion of heal wounds
 g - a potion of lignification {unknown}
 j - a potion of curing


   Skills:
 + Level 5.1 Fighting
 + Level 5.3 Long Blades
 + Level 3.4 Dodging
 * Level 4.1 Invocations


You had 6 spell levels left.
You didn't know any spells.
Your spell library contained the following spells:

 Spells                   Type           Power      Damage    Failure   Level
 Animate Skeleton         Necr           0%         N/A       34%         1
 Foxfire                  Conj/Fire      0%         2x1d4     34%         1
 Pain                     Necr           0%         1d4       34%         1
 Sandblast                Erth           0%         2d4       34%         1
 Passwall                 Tmut/Erth      0%         N/A       47%         2
 Slow                     Hex            0%         N/A       47%         2
 Confusing Touch          Hex            0%         N/A       71%         3
 Conjure Flame            Conj/Fire      0%         6-21      71%         3
 Inner Flame              Hex/Fire       0%         N/A       71%         3
 Stone Arrow              Conj/Erth      0%         3d7       71%         3
 Vampiric Draining        Necr           0%         2d6       71%         3
 Flame Wave               Conj/Fire      0%         3d3       98%         4
 Yara's Violent Unravell  Hex/Tmut       0%         3d3       100%        5


Dungeon Overview and Level Annotations

Branches:
Dungeon (5/15)
 Temple: D:4-7

Altars:
Ru
Yredelemnul
Zin

Shops:
D:4 :   D:5 [

Annotations:
D:2 exclusion: 2 downstairs
D:3 Grinder
D:4 exclusion: downstairs


Innate Abilities, Weirdness & Mutations

You can spit globs of acid.
Your golden yellow scales are hard. (AC +6)
You cannot fit into any form of body armour.
You are cold-blooded and may be slowed by cold attacks.
You are resistant to acid. (rCorr)


Message History

You are too injured to fight recklessly!
You are too injured to fight recklessly!
The gnoll hits you with a +0 halberd!
* * * LOW HITPOINT WARNING * * *
The gnoll hits you with a +0 spear.
* * * LOW HITPOINT WARNING * * *
Things that are here:
a +0 spear; a gnoll corpse You hit the gnoll.
The gnoll is moderately wounded.
The gnoll misses you. x2
The gnoll barely misses you.
The gnoll hits you from afar with a +0 spear.
* * * LOW HITPOINT WARNING * * *
Things that are here:
a +0 club; 8 gold pieces; a gnoll corpse You have got your breath back.
The gnoll closely misses you.
Press: ? - help, Shift-Dir - straight line, f - gnoll
Aim: a gnoll, wielding a +0 halberd (lightly wounded, chance to affect: 88%)
You fail to use your ability.
The gnoll closely misses you.
Press: ? - help, Shift-Dir - straight line, f/p - gnoll
Aim: a gnoll, wielding a +0 halberd (lightly wounded, chance to affect: 88%)
The gnoll is devoured by a tear in reality.
Lugonu claims a new guest.
Press: ? - help, Shift-Dir - straight line, f - gnoll
Aim: a gnoll, wielding a +0 spear (translocational energy, chance to affect: 88%)
You fail to use your ability.
The gnoll misses you.
You don't know any spells.
Unknown command.
Press: ? - help, Shift-Dir - straight line, f/p - gnoll
Aim: a gnoll, wielding a +0 spear (chance to affect: 88%)
You fail to use your ability.
The gnoll hits you from afar with a +0 spear.
* * * LOW HITPOINT WARNING * * *
Press: ? - help, Shift-Dir - straight line, f/p - gnoll
Aim: a gnoll, wielding a +0 spear (chance to affect: 88%)
You fail to use your ability.
The gnoll hits you from afar with a +0 spear.
You die...

#)# . #.#..†....... #)#
#.#######.#.#########
#.# #...............# #
##.## #)........###.# #
#..g# ....#..##.## #
#.#.# . #..##.# #
#.#.#### ####.....# ##
..#....#######...∩....#
#.####.
#######....§..g.@..#####
#......
#....#########..#
######. #.#### #..# ## #
#### #


You could see a gnoll.

Vanquished Creatures
  A scorpion (D:5)
  A water moccasin skeleton (D:3)
  A bullfrog zombie (D:5)
  A jelly (D:5)
  2 bullfrog skeletons
  A centaur skeleton (D:4)
  A hound (D:4)
  2 iguanas (D:4)
  2 orc wizards
  5 gnolls
  6 adders
  2 ufetubi (D:5)
  A worm (D:2)
  3 dart slugs
  20 orcs
  5 endoplasms
  3 giant cockroaches (D:2)
  3 goblins
  8 hobgoblins
  6 kobolds
  A quokka (D:2)
  6 ball pythons
  6 bats
  A frilled lizard (D:2)
  4 rats
92 creatures vanquished.

Notes
Turn   | Place    | Note
-------+----------+-------------------------------------------
     0 | Abyss:1  | Lekart the Draconian Abyssal Knight began the quest for the
                  | Orb.
     0 | Abyss:1  | Reached XP level 1. HP: 19/19 MP: 2/2
    71 | Abyss:1  | Noticed a neqoxec
    78 | Abyss:1  | Noticed a hell hog
    82 | D:1      | Escaped the Abyss
   369 | D:1      | Found a faded altar of an unknown god.
   373 | D:1      | Reached * piety under Lugonu
   399 | D:1      | Reached XP level 2. HP: 25/27 MP: 3/3
  1361 | D:2      | Reached XP level 3. HP: 33/33 MP: 4/4
  1416 | D:2      | Reached XP level 4. HP: 21/40 MP: 5/5
  1947 | D:2      | Reached ** piety under Lugonu
  2414 | D:3      | Reached XP level 5. HP: 47/47 MP: 7/7
  3250 | D:3      | Noticed Grinder
  3257 | D:3      | Paralysed by Grinder for 5 turns
  3802 | D:4      | Found Idiy's Self-Improvement Boutique.
  3938 | D:4      | Reached XP level 6. HP: 48/53 MP: 8/8
  3968 | D:4      | Found a glowing silver altar of Zin.
  3968 | D:4      | Found a sacrificial altar of Ru.
  3968 | D:4      | Found a basalt altar of Yredelemnul.
  4736 | D:5      | Entered Level 5 of the Dungeon
  5013 | D:5      | Reached skill level 5 in Fighting
  5013 | D:5      | Reached skill level 5 in Long Blades
  5374 | D:5      | Your scales start taking on a golden yellow colour.
  5374 | D:5      | Reached XP level 7. HP: 54/61 MP: 8/10
  5374 | D:5      | Gained mutation: You are resistant to acid. (rCorr) [Yellow
                  | Draconian growth]
  5528 | D:5      | Found Periuw's Antique Armour Shoppe.
  5537 | D:5      | Reached *** piety under Lugonu
  5600 | D:5      | Slain by a gnoll

Illustrated notes

Levels and vault maps discovered:
D:1:      psy_arrival_basics, layout_basic,
          hellmonk_ecumenical_altar_crossroads, minmay_misc_feat_rows,
          minmay_shallow_snake_nest
D:2:      layout_loops_ring
D:3:      layout_basic, st_stairs_3, chequers_serial_rivers_marsh,
          kennysheep_path_1, minmay_rat_hole, uniq_grinder
D:4:      layout_loops_ring, chequers_temple_overflow_statue_of_worship,
          nicolae_shop_self_help
D:5:      layout_loops_ring, minmay_temple_entry_from_below_a, serial_shops,
          nicolae_square_shop

Skill      XL: |  1  2  3  4  5  6 |
---------------+-------------------+-----
Fighting       | 4 5 |  5.1
Long Blades    | 3 4 5 |  5.3
Invocations    | 3 4 |  4.1
Dodging        | 3 |  3.4

Action                   |  1- 3 |  4- 6 |  7- 9 || total
-------------------------+-------+-------+-------++-------
Melee: Falchion          |    78 |   267 |    24 ||   369
       Tailslap          |     8 |    26 |     2 ||    36
Invok: Depart the Abyss  |     1 |       |       ||     1
       Bend Space        |       |     2 |       ||     2
       Banish            |       |       |     1 ||     1
 Abil: Breathe Acid      |       |       |     2 ||     2
  Use: Scroll            |     3 |     1 |       ||     4
       Potion            |     1 |     3 |       ||     4
 Stab: Sleeping          |     3 |       |       ||     3
Armor: Skin              |    30 |    94 |    10 ||   134
Dodge: Dodged            |    58 |   157 |    37 ||   252

Table legend: (Time is in decaauts)
 A = Elapsed time spent in this place.
 B = Non-inter-level travel time spent in this place.
 C = Inter-level travel time spent in this place.
 D = Time resting spent in this place.
 E = Time spent auto-exploring this place.
 F = Levels seen in this place.
 G = Mean time per level.
                   A        B        C        D        E       F      G
               +--------+--------+--------+--------+--------+-----+--------+
         Total |   5653 |   5509 |    144 |   1431 |   3173 |   6 |  942.2 |
       Dungeon |   5571 |   5427 |    144 |   1431 |   3110 |   5 | 1114.2 |
         Abyss |     82 |     82 |      0 |      0 |     63 |   1 |   82.0 |
               +--------+--------+--------+--------+--------+-----+--------+

Top non-repeatable levels by time:
     D:4: 1802 daAuts
     D:2: 1352 daAuts
     D:3: 1018 daAuts
     D:1: 1016 daAuts
     D:5: 381 daAuts
 Abyss:1: 82 daAuts
